 Dungeon Crawl Stone Soup version 0.30-a0-1094-g860fb061e7 (webtiles) character file.

Game seed: 10095561609067640480

468367 FexLirch the Alchemist (level 24, -9/121 (133) HPs)
             Began as a Vine Stalker Transmuter on Apr 16, 2023.
             Was an Initiate of Gozag.
             Mangled by Josephina
             ... wielding a staff of cold
              (14 damage)
             ... on level 4 of the Depths on Apr 17, 2023.
             The game lasted 05:07:09 (57338 turns).

FexLirch the Alchemist (Vine Stalker Transmuter)   Turns: 57338, Time: 05:07:10

HP:   -9/121 (133)  AC: 21    Str: 25    XL:     24   Next: 62%
MP:   0/42          EV: 34    Int: 17    God:    Gozag
Gold: 15661         SH:  0    Dex: 20    Spells: 9/52 levels left

rFire   . . .      SeeInvis .    q - melded staff of air "Bunughix" {Drain rElec rN++ rCorr}
rCold   . . .      Faith    .    N - melded orb {light}
rNeg    . . .      Spirit   +    i - melded +2 robe {Archmagi}
rPois   ∞          Reflect  .    p - melded +2 hat {Stlth+}
rElec   +          Rampage  .    U - melded +0 cloak
rCorr   .                        m - melded +1 pair of gloves of Cipaeff {Will+ MP+9 Dex-5}
Will    ++++.                    I - melded +0 pair of boots of the Fiddle {rF++ Stlth+}
Stlth   ++                       D - amulet of regeneration
HPRegen 2.00/turn                E - ring "Riufiur" {rPois Str+6 Dex+3}
MPRegen 0.28/turn                Q - ring of willpower

@: about to teleport, storm-form, flying, studying 2 skills, drained
A: cleaving, insubstantial, flying, (fangs 3), regeneration 1, magic shield,
(antimagic bite), no potion heal 2, (iridescent scales 1), wild magic 1, noise
suppression
}: 2/15 runes: barnacled, gossamer
a: Blinkbolt, End Transformation, Renounce Religion, Potion Petition, Call
Merchant, Bribe Branch


You were on level 4 of the Depths.
You worshipped Gozag.
Gozag was extremely pleased with you.
You were a lightning-filled tempest!
You visited 11 branches of the dungeon, and saw 46 of its levels.
You also visited: Trove, Ossuary and Ice Cave.

You collected 25980 gold pieces.
You spent 4455 gold pieces at shops.
You paid 5864 gold pieces to Gozag.

Inventory:

Armour
 i - a +2 robe of the Archmagi (melded)
 m - the +1 pair of gloves of Cipaeff (melded) {Will+ MP+9 Dex-5}
   (You found it on level 3 of the Elven Halls)

   Dex:       It affects your dexterity (-5).
   MP:        It affects your magic capacity (+9).
   Will:      It increases your willpower.
 p - a +2 hat of stealth (melded)
 x - the +1 robe of Marbles {rElec Will+ Int+3}
   (You bought it in a shop on level 4 of the Lair of Beasts)

   Int:       It affects your intelligence (+3).
   rElec:     It insulates you from electricity.
   Will:      It increases your willpower.
 I - the +0 pair of boots of the Fiddle (melded) {rF++ Stlth+}
   (You acquired it on level 4 of the Lair of Beasts)

   rF:        It greatly protects you from fire.
   Stlth:     It makes you more stealthy.
 N - an orb of light (melded)
 U - a +0 cloak (melded)
Magical Staves
 q - the staff of air "Bunughix" (melded) {Drain rElec rN++ rCorr}
   (You bought it in a shop on level 3 of the Lair of Beasts)

   [staff of air]

   Base accuracy: +5 Base damage: 5 Base attack delay: 1.2 This weapon's minimum
   attack delay (0.6) is reached at skill level 12.
   rElec:     It insulates you from electricity.
   rN:        It greatly protects you from negative energy.
   rCorr:     It protects you from acid and corrosion.
   Drain:     It drains your maximum health when unequipped.
   It falls into the 'Staves' category.
   It is a one-handed weapon.
Jewellery
 b - a ring of protection from cold
 j - a +6 ring of intelligence
 o - a ring of magical power
 r - the ring of Catsania {rF- rN+ Int+6 Slay+2}
   (You found it in a treasure trove)

   [ring of positive energy]

   Int:       It affects your intelligence (+6).
   Slay:      It affects your accuracy & damage with ranged weapons and melee
   (+2).
   rF:        It makes you vulnerable to fire.
   rN:        It protects you from negative energy.
 s - a +6 ring of intelligence
 C - a ring of resist corrosion
 D - an amulet of regeneration (around neck)
 E - the ring "Riufiur" (left fist) {rPois Str+6 Dex+3}
   (You found it on level 3 of the Elven Halls)

   [ring of strength]

   Str:       It affects your strength (+6).
   Dex:       It affects your dexterity (+3).
   rPois:     It protects you from poison.
 G - a ring of see invisible
 Q - a ring of willpower (right fist)
 V - an amulet of magic regeneration
Wands
 c - a wand of paralysis (27)
 y - a wand of iceblast (22)
 S - a wand of acid (35)
 T - a wand of flame (59)
 Y - a wand of digging (29)
 Z - a wand of mindburst (27)
Scrolls
 d - 4 scrolls of vulnerability
 g - 6 scrolls of magic mapping
 k - 14 scrolls of fog
 n - 6 scrolls of torment
 t - 25 scrolls of teleportation
 u - 5 scrolls of fear
 w - 2 scrolls of brand weapon
 F - 6 scrolls of enchant armour
 H - 9 scrolls of enchant weapon
 J - 4 scrolls of silence
 O - 5 scrolls of butterflies
 R - 9 scrolls of immolation
 W - 5 scrolls of poison
 X - 8 scrolls of blinking
Potions
 a - 3 potions of berserk rage
 f - 20 potions of curing
 h - 14 potions of haste
 l - 6 potions of lignification
 v - 16 potions of brilliance
 z - 9 potions of might
 A - 7 potions of magic
 B - 8 potions of mutation
 K - 7 potions of resistance
 L - 6 potions of cancellation
 M - 13 potions of ambrosia
 P - 5 potions of invisibility
Miscellaneous
 e - a phantom mirror


   Skills:
 + Level 16.2 Fighting
 - Level 8.0 Armour
 + Level 14.8 Dodging
 + Level 18.5 Unarmed Combat
 + Level 14.9 Spellcasting
 - Level 8.6 Conjurations
 - Level 10.0 Translocations
 + Level 19.2 Transmutations
 - Level 10.8 Ice Magic
 * Level 14.5 Air Magic


You had 9 spell levels left.
You knew the following spells:

 Your Spells              Type           Power      Damage    Failure   Level
a - Irradiate             Conj/Tmut      33%        3d22      1%          5
b - Wereblood             Tmut           80%        N/A       1%          2
c - Dragon Form           Tmut           40%        N/A       3%          7
d - Blade Hands           Tmut           40%        N/A       1%          5
e - Yara's Violent Unrav  Hex/Tmut       28%        3d12      4%          5
f - Passage of Golubria   Tloc           57%        N/A       1%          4
g - Blink                 Tloc           100%       N/A       1%          2
h - Lesser Beckoning      Tloc           100%       N/A       1%          2
i - Apportation           Tloc           100%       N/A       1%          1
j - Ozocubu's Armour      Ice            59%        N/A       1%          3
k - Storm Form            Tmut/Air       37%        N/A       7%          7

Your spell library contained the following spells:

 Spells                   Type           Power      Damage    Failure   Level
 Beastly Appendage        Tmut           100%       N/A       1%          1
 Foxfire                  Conj/Fire      100%       2x1d9     1%          1
 Magic Dart               Conj           100%       1d8       1%          1
 Sting                    Tmut/Pois      100%       1d8       1%          1
 Ensorcelled Hibernation  Hex/Ice        80%        N/A       1%          2
 Momentum Strike          Conj/Tloc      100%       3d10      1%          2
 Passwall                 Tmut/Erth      46%        N/A       1%          2
 Searing Ray              Conj           100%       2d8       1%          2
 Hailstorm                Conj/Ice       56%        3d12      1%          3
 Mephitic Cloud           Conj/Pois/Air  50%        N/A       1%          3
 Spider Form              Tmut/Pois      56%        N/A       1%          3
 Swiftness                Air            69%        N/A       1%          3
 Ice Form                 Ice/Tmut       70%        N/A       1%          4
 Cigotuvi's Dreadful Rot  Necr/Pois/Air  74%        N/A       2%          2
 Iskenderun's Mystic Bla  Conj/Tloc      55%        2d12      2%          4
 Portal Projectile        Hex/Tloc       76%        N/A       3%          3
 Volatile Blastmotes      Fire/Tloc      76%        2d16      3%          3
 Dazzling Flash           Conj/Hex       70%        N/A       4%          3
 Stone Arrow              Conj/Erth      70%        3d11      4%          3
 Alistair's Intoxication  Tmut/Pois      37%        N/A       4%          5
 Iskenderun's Battlesphe  Conj           53%        2d10      7%          5
 Necrotise                Necr           64%        1d7       9%          1
 Sandblast                Erth           32%        2d9       9%          1
 Silence                  Hex/Air        24%        N/A       11%         5
 Conjure Ball Lightning   Conj/Air       30%        3x3d10    11%         6
 Call Imp                 Summ           32%        N/A       12%         2
 Fulminant Prism          Conj/Hex       17%        3d11      13%         4
 Call Canine Familiar     Summ           16%        N/A       22%         3
 Summon Guardian Golem    Hex/Summ       16%        N/A       22%         3
 Tukima's Dance           Hex            16%        N/A       22%         3
 Vampiric Draining        Necr           16%        2d7       22%         3
 Eringya's Noxious Bog    Tmut/Pois      28%        N/A       22%         6
 Statue Form              Tmut/Erth      37%        N/A       22%         6
 Summon Forest            Summ/Tloc      19%        N/A       26%         5
 Fireball                 Conj/Fire      17%        3d9       32%         5
 Animate Armour           Summ/Erth      32%        N/A       54%         4
 Dispel Undead            Necr           16%        3d10      54%         4
 Leda's Liquefaction      Hex/Erth       8%         N/A       54%         4
 Ozocubu's Refrigeration  Ice            29%        4d14      54%         7
 Orb of Destruction       Conj           26%        9d9       83%         7
 Iron Shot                Conj/Erth      17%        9d4       86%         6
 Agony                    Necr           16%        N/A       87%         5
 Borgnjor's Vile Clutch   Necr/Erth      8%         N/A       87%         5
 Lee's Rapid Deconstruct  Erth           8%         3d7*      87%         5
 Summon Mana Viper        Hex/Summ       16%        N/A       87%         5
 Death Channel            Necr           8%         N/A       100%        6
 Summon Cactus Giant      Summ           8%         N/A       100%        6
 Haunt                    Necr/Summ      8%         N/A       100%        7
 Malign Gateway           Summ/Tloc      19%        N/A       100%        7
 Spellforged Servitor     Conj/Summ      17%        N/A       100%        7
 Borgnjor's Revivificati  Necr           8%         N/A       100%        8
 Infestation              Necr           8%         N/A       100%        8
 Lehudib's Crystal Spear  Conj/Erth      17%        10d5      100%        8
 Summon Horrible Things   Summ           8%         N/A       100%        8
 Polar Vortex             Ice            29%        N/A       100%        9
 Animate Dead             Necr           Unusable   N/A       N/A         4
 Simulacrum               Ice/Necr       Unusable   N/A       N/A         6

Dungeon Overview and Level Annotations

Branches:
Dungeon (15/15)            Temple (1/1) D:6            Lair (5/5) D:10
 Shoals (4/4) Lair:2       Spider (4/4) Lair:2        Slime (0/5) Lair:4
    Orc (2/2) D:11            Elf (3/3) Orc:2        Vaults (4/5) D:13
  Crypt (3/3) Vaults:3       Tomb (1/3) Crypt:3      Depths (4/4) D:15
Ossuary (visited)           IceCv (visited)
    Zot: Depths:4

Altars:
Cheibriados
Dithmenos
Elyvilon
Fedhas
Gozag
Hepliaklqana
Kikubaaqudgha
Makhleb
Nemelex Xobeh
Okawaru
Qazlal
Ru
Sif Muna
Trog
Uskayaw
Vehumet
Wu Jian
Xom
Yredelemnul
Zin
The Shining One
Jiyva
Lugonu

Shops:
D:1 ?   D:12 *   Orc:2 [:*:[::(!   Elf:3 !   Lair:3 *   Lair:4 [
Vaults:1 :?(?!   Vaults:2 [   Vaults:3 :   Depths:1 *   Depths:2 !(:
Depths:4 !

Portals:
Hell: Depths:1 Depths:2 Depths:3
Abyss: Shoals:2 Depths:2 Depths:3
Pandemonium: Depths:2
Ziggurat: Depths:3

Annotations:
D:2 Terence
Shoals:2 1 runed translucent door
Shoals:4 6 transporters
Depths:4 Josephina


Innate Abilities, Weirdness & Mutations

You are a lightning-filled tempest!
Your electrical attacks strike out in all directions at once.
You are incredibly evasive.
Your insubstantial body is immune to petrification, constriction, and being set on fire You are flying.
You are immune to poison.
Your armour is entirely melded.
You are incapable of wielding weapons or throwing items.
((You have razor-sharp teeth.))
Your natural rate of healing is unusually fast.
When hurt, damage is shared between your health and your magic reserves.
((Your bite disrupts and absorbs the magic of your enemies.))
Potions cannot restore your health.
((You are partially covered in iridescent scales. (AC +2)))
Your spells are a little harder to cast, but a little more powerful.
You passively dampen the noise of your surroundings.


Message History

Unknown command.
Unknown command.
Unknown command.
Casting: Ozocubu's Armour (safe; 1% risk of failure)
Confirm with . or Enter, or press ? or * to list all spells.
You feel a strong surge of power!
You turn into a lightning-filled tempest!
The staff of air "Bunughix" {Drain rElec rN++ rCorr} melds into your body.
Your +0 cloak melds into your body.
Your +2 hat of stealth melds into your body.
The +1 pair of gloves of Cipaeff {Will+ MP+9 Dex-5} melds into your body.
The +0 pair of boots of the Fiddle {rF++ Stlth+} melds into your body.
Your orb of light melds into your body.
Your +2 robe of the Archmagi melds into your body.
You feel less stealthy.
You feel your magic capacity decrease.
You feel strangely numb.
You barely miss Josephina. You miss Josephina.
Josephina gestures at you while chanting.
The ghostly flame explodes!
The ghostly fireball engulfs you!!!
You feel drained.
The ghostly fireball engulfs Josephina.
Josephina completely resists.
You buffet Josephina!
Lightning courses through Josephina!
Josephina is lightly damaged.
Josephina barely misses you.
Josephina touches you but does no damage.
You closely miss Josephina.
Josephina is lightly damaged.
You miss Josephina.
Josephina is lightly damaged.
Josephina hits you but does no damage. Josephina freezes you!!
Josephina completely misses you.
As you read the scroll of teleportation, it crumbles to dust.
You feel strangely unstable.
Josephina hits you with a staff of cold!
Josephina freezes you!!!
* * * LOW HITPOINT WARNING * * *
Josephina freezes you!
You die...
Your body crumbles into a pile of gold.

.... ... #... #L.. ...
..Z. #.. ... .. ##..
..# ... ...##..# ...#.
#.Z...# ..... ##L##
###.#..##..v#####.#
#...#.............#
#...#.......####..#
#...###.....# ..
#####..........## ..#
#........##...## #..#
#.
#........###..#####..#
..
#....................#
. #. ###
#..........#.........#
.#.###..


You could see Josephina and an iron dragon simulacrum.

Vanquished Creatures
  Khufu (Crypt:2)
  An ancient lich (Crypt:3)
  Parghit (Depths:3)
  Boris (Depths:3)
  Saint Roka (Crypt:2)
  A caustic shrike (Depths:2)
  Xtahua (Depths:4)
  Nikola (Spider:3)
  Jory (Vaults:4)
  2 bone dragons (Crypt:3)
  Rupert (D:13)
  Mlioglotl (Spider:4)
  An Ice Fiend (IceCv)
  Zenata (Crypt:2)
  2 deep elf master archers (Elf:3)
  3 liches
  2 deep elf blademasters (Elf:3)
  A titan (Vaults:3)
  A quicksilver dragon (Depths:2)
  14 sphinxes
  Kirke (D:12)
  5 ancient champions
  Gastronok (Lair:2)
  4 tengu reavers
  A storm dragon (Depths:4)
  Donald (Spider:4)
  Roxanne (Spider:4)
  2 revenants (Crypt:2)
  2 fire giants
  4 deep elf sorcerers
  7 frost giants
  7 vault wardens
  Louise (Spider:4)
  An iron dragon (shapeshifter) (Vaults:4)
  6 ghost moths
  An emperor scorpion (Spider:4)
  2 juggernaut zombies
  4 deep elf elementalists
  2 orc warlords
  14 ghouls
  5 stone giants
  12 very ugly things
  4 curse skulls
  2 spriggan defenders (Depths:4)
  2 war gargoyles
  A caustic shrike skeleton (Crypt:3)
  A juggernaut skeleton (Crypt:3)
  4 vampire knights
  19 ironbound preservers
  A quicksilver ooze (shapeshifter) (Vaults:4)
  6 ironbound thunderhulks
  3 green draconians (Depths:4)
  A black draconian (Depths:4)
  Nessos (D:13)
  7 deep elf annihilators
  6 deep elf demonologists
  7 dire elephants
  The ghost of MrSquiggles the Slicer, a journeyman DsGl of Makhleb (Lair:5)
  2 spark wasps
  A red draconian (Depths:4)
  A mummy priest (Tomb:1)
  2 eidola (Crypt:3)
  8 deep elf death magi
  A merfolk javelineer (Shoals:3)
  7 ettins
  10 jiangshi
  4 fire dragons
  11 yaktaur captains
  10 merfolk impalers
  A deep elf high priest (Elf:3)
  The ghost of Zocerawneb the Covert, a journeyman OpFi of Dithmenos (Lair:3)
  3 entropy weavers
  6 great orbs of eyes
  2 rakshasas (Depths:2)
  8 ice dragons
  A spriggan air mage (Depths:4)
  3 hydras
  2 peacekeepers
  5 radroaches
  A quicksilver dragon skeleton (Crypt:1)
  9 vault guards
  4 caustic shrike simulacra (IceCv)
  8 ironbound frosthearts
  A fenstrider witch skeleton (Crypt:3)
  3 catoblepae
  4 merfolk aquamancers
  4 merfolk avatars
  11 boulder beetles
  A satyr (Shoals:4)
  17 centaur warriors
  42 dancing weapons
  3 jorogumos
  4 two-headed ogres
  2 death knights
  3 death yaks (Lair:5)
  5 deep troll earth magi
  5 deep troll shamans
  2 orc high priests
  5 vampire magi
  8 tengu warriors
  2 spriggan berserkers
  A shock serpent (shapeshifter) (Elf:1)
  Nergalle (D:11)
  Urug (D:13)
  2 soul eaters
  A hell knight (Depths:2)
  17 deep elf knights
  5 skysharks
  A shadow wraith (Crypt:2)
  4 pharaoh ants
  11 sea snakes
  3 iron trolls
  45 skeletal warriors
  45 deep trolls
  2 obsidian statues (IceCv)
  12 deep elf archers
  5 orb spiders
  3 bog bodies
  2 flayed ghosts
  A kraken simulacrum (Shoals:4)
  A spriggan simulacrum (IceCv)
  4 sun moths
  A shadow dragon zombie (Crypt:2)
  2 glowing orange brains
  11 lindwurms
  35 deep elf pyromancers
  8 wizards
  6 phantasmal warriors
  7 steelbarb worms
  3 orc knights (Vaults:3)
  A bunyip skeleton (Crypt:3)
  11 ironbound convokers
  16 harpies
  6 necromancers
  6 orc sorcerers
  40 ugly things
  28 deep elf zephyrmancers
  4 oklob plants (Lair:3)
  A frost giant zombie (Depths:1)
  22 wolf spiders
  20 manticores
  2 stone giant skeletons (Depths:1)
  4 fauns (Shoals:2)
  A faun (shapeshifter) (Depths:4)
  14 elephants
  11 cyclopes
  2 moths of wrath
  4 black mambas
  A black mamba (shapeshifter) (D:14)
  An eleionoma skeleton (Crypt:2)
  10 merfolk sirens
  An iron dragon skeleton (Crypt:2)
  A naga zombie (Crypt:3)
  16 vault sentinels
  2 apocalypse crabs (Shoals:2)
  6 water nymphs
  4 torpor snails
  12 cane toads
  2 unseen horrors (D:12)
  A dire elephant skeleton (Crypt:3)
  Maggie (D:6)
  9 demonic crawlers
  A steelbarb worm zombie (Crypt:2)
  3 rime drakes (Lair:5)
  9 freezing wraiths
  16 komodo dragons
  19 yaktaurs
  An ice devil (IceCv)
  2 kobold demonologists
  4 golden dragon simulacra (IceCv)
  7 guardian mummies
  A queen bee (Lair:3)
  2 tengu conjurers (Depths:3)
  An alligator snapping turtle skeleton (Crypt:3)
  10 meliai
  A hornet (shapeshifter) (D:14)
  2 harpy zombies
  21 merfolk
  2 polar bears (Lair:5)
  8 trolls
  A hydra skeleton (Crypt:3)
  A troll (shapeshifter) (D:15)
  43 tarantellas
  An ettin zombie (Crypt:3)
  3 hornets
  11 wind drakes
  19 blink frogs
  5 harpy skeletons
  A meliai zombie (Crypt:2)
  10 snapping turtles
  52 slime creatures
  9 flying skulls (Crypt:3)
  A shadow (D:11)
  29 jumping spiders
  7 wraiths
  19 culicivoras
  2 vampires (D:12)
  25 water elementals
  6 air elementals
  42 yaks
  2 ice dragon skeletons
  6 fire elementals
  4 wyverns
  A dire elephant simulacrum (IceCv)
  2 hogs (D:12)
  5 ushabtiu (Tomb:1)
  6 basilisks
  15 humans
  49 redbacks
  8 vampire mosquitoes
  2 steam dragons
  A skyshark zombie (Crypt:3)
  A redback simulacrum (D:14)
  2 swamp worms (shapeshifter)
  A warg (Orc:1)
  A harpy simulacrum (D:15)
  An acid dragon (D:11)
  24 water moccasins
  A deep troll zombie (Crypt:3)
  Duvessa (D:6)
  A hydra simulacrum (IceCv)
  An ice beast (D:8)
  28 orc warriors
  A black bear (D:5)
  2 ettin simulacra (IceCv)
  A two-headed ogre skeleton (Crypt:1)
  An alligator simulacrum (IceCv)
  2 sky beasts
  An elephant skeleton (Crypt:3)
  15 wolves
  3 ogres
  4 boggarts (D:15)
  A tengu (shapeshifter) (D:14)
  8 centaurs
  3 phantoms
  A hog skeleton (Crypt:1)
  A komodo dragon zombie (Crypt:1)
  5 kobold brigands
  7 bullfrogs
  5 necrophages
  3 earth elementals (Elf:1)
  A scorpion (D:5)
  5 wights (D:9)
  Dowan (D:6)
  A raiju zombie (Crypt:3)
  A yak zombie (Crypt:2)
  A queen bee zombie (Crypt:3)
  38 killer bees
  A troll skeleton (D:12)
  2 howler monkeys (D:10)
  6 electric eels
  11 spriggan skeletons
  A yak skeleton (Crypt:3)
  A jelly (D:6)
  4 centaur skeletons
  13 orc priests
  A bullfrog skeleton (Crypt:3)
  6 hounds
  A sleepcap (D:7)
  A boggart zombie (Crypt:1)
  An iguana (D:5)
  31 orc wizards
  6 hell rats (Lair:4)
  An ice beast zombie (Crypt:1)
  A hound zombie (Ossuary)
  An ogre skeleton (Crypt:1)
  A naga skeleton (Crypt:3)
  A hound skeleton (Crypt:3)
  20 mummies
  7 gnolls
  9 adders
  A river rat (Lair:3)
  4 white imps
  3 ufetubi
  An adder zombie (Ossuary)
  5 dart slugs
  57 orcs
  5 bats
  A bat zombie (Crypt:3)
  3 endoplasms
  4 giant cockroaches
  3 gnoll zombies (Ossuary)
  9 goblins
  6 hobgoblins
  10 jackals
  28 kobolds
  A quokka (D:4)
  4 ball pythons
  3 frilled lizards
  A giant cockroach zombie (Crypt:1)
  4 goblin zombies (Ossuary)
  A hobgoblin skeleton (Crypt:2)
  7 hobgoblin zombies (Ossuary)
  2 jackal zombies (Ossuary)
  3 kobold zombies (Ossuary)
  4 orc zombies (Ossuary)
  2 quokka zombies (Ossuary)
  6 rats
  5 rat zombies (Ossuary)
1903 creatures vanquished.

Vanquished Creatures (others)
  An orb spider (Spider:4)
  A wolf spider (Spider:4)
  2 jumping spiders (Spider:4)
  A human (D:12)
  A redback (Spider:4)
  A warg (Elf:1)
  A boggart (D:15)
  A bush (Lair:5)
  18 fungi
  84 plants
111 creatures vanquished.

Grand Total: 2014 creatures vanquished

Notes
Turn   | Place    | Note
-------+----------+-------------------------------------------
     0 | D:1      | FexLirch the Vine Stalker Transmuter began the quest for
                  | the Orb.
     0 | D:1      | Reached XP level 1. HP: 9/9 MP: 4/4
    51 | D:1      | Reached skill level 1 in Fighting
    58 | D:1      | Found Xoggadu's Magic Scroll Shoppe.
    81 | D:1      | Reached XP level 2. HP: 14/14 MP: 4/6
    88 | D:1      | Learned a level 2 spell: Wereblood
   317 | D:1      | Reached XP level 3. HP: 16/18 MP: 5/7
  1112 | D:2      | Gained mutation: Your natural rate of healing is unusually
                  | fast. [Vine Stalker growth]
  1112 | D:2      | Reached XP level 4. HP: 22/22 MP: 8/8
  1216 | D:2      | Noticed Terence
  1510 | D:3      | Learned a level 3 spell: Spider Form
  1598 | D:3      | Reached skill level 3 in Transmutations
  2007 | D:4      | Reached XP level 5. HP: 26/26 MP: 10/10
  2014 | D:4      | Noticed an ogre
  2454 | D:4      | Reached skill level 4 in Transmutations
  2454 | D:4      | Reached XP level 6. HP: 17/30 MP: 2/12
  2893 | D:5      | Entered Level 5 of the Dungeon
  3047 | D:5      | Learned a level 5 spell: Blade Hands
  3555 | D:5      | Reached XP level 7. HP: 26/35 MP: 8/13
  3674 | D:5      | Reached skill level 5 in Transmutations
  4176 | D:5      | Reached skill level 5 in Unarmed Combat
  4199 | D:5      | Reached skill level 6 in Transmutations
  4329 | D:6      | Noticed a two-headed ogre
  4336 | D:6      | Killed a two-headed ogre
  4337 | D:6      | Reached skill level 5 in Spellcasting
  4337 | D:6      | Reached skill level 7 in Transmutations
  4337 | D:6      | Gained mutation: You have razor-sharp teeth. [Vine Stalker
                  | growth]
  4337 | D:6      | Reached XP level 8. HP: 12/39 MP: 3/17
  4490 | D:6      | Found a staircase to the Ecumenical Temple.
  4498 | Temple   | Entered the Ecumenical Temple
  4538 | Temple   | Became a worshipper of Gozag Ym Sagoz the Greedy
  4646 | D:6      | Noticed Maggie
  4651 | D:6      | Noticed Duvessa
  4653 | D:6      | Killed Maggie
  4654 | D:6      | Reached skill level 8 in Transmutations
  4654 | D:6      | Reached XP level 9. HP: 32/42 MP: 8/18
  4658 | D:6      | Killed Duvessa
  4665 | D:6      | Noticed Dowan
  4676 | D:6      | Killed Dowan
  4890 | D:5      | Learned a level 5 spell: Yara's Violent Unravelling
  4916 | D:6      | Found a burning altar of Makhleb.
  4917 | D:6      | Found a hide-covered altar of Uskayaw.
  5589 | D:7      | Reached skill level 1 in Armour
  5589 | D:7      | Reached skill level 9 in Transmutations
  6071 | D:8      | Reached XP level 10. HP: 12/49 MP: 3/20
  6094 | D:8      | Found a sand-covered staircase.
  6179 | Ossuary  | Entered an ossuary
  7171 | D:8      | Noticed a two-headed ogre
  7539 | D:9      | Learned a level 4 spell: Passage of Golubria
  7974 | D:9      | Noticed a kobold demonologist
  7985 | D:9      | Killed a kobold demonologist
  8116 | D:9      | Noticed a two-headed ogre
  8243 | D:9      | Reached skill level 10 in Transmutations
  8510 | D:10     | Entered Level 10 of the Dungeon
  8603 | D:10     | Found an iron altar of Okawaru.
  8660 | D:10     | Found a portal to a secret trove of treasure.
  9182 | D:10     | Found a staircase to the Lair.
  9193 | D:10     | Noticed a two-headed ogre
  9198 | D:10     | Killed a two-headed ogre
  9199 | D:10     | Reached skill level 5 in Fighting
  9339 | D:10     | Noticed a kobold demonologist
  9354 | D:10     | Killed a kobold demonologist
  9355 | D:10     | Reached XP level 11. HP: 56/56 MP: 17/22
  9394 | D:10     | Learned a level 2 spell: Blink
  9590 | D:11     | Found a staircase to the Orcish Mines.
 10004 | D:11     | Noticed a cyclops
 10164 | D:11     | Reached skill level 1 in Translocations
 10464 | D:12     | Noticed a manticore
 10468 | D:12     | Killed a manticore
 10580 | D:11     | Noticed a cyan ugly thing
 10656 | D:11     | Killed a cyclops
 10726 | D:11     | Noticed a cyclops
 10731 | D:11     | Killed a cyclops
 10760 | D:11     | Learned a level 2 spell: Lesser Beckoning
 10761 | D:11     | Noticed a cyclops
 10773 | D:11     | Killed a cyclops
 10841 | D:11     | Noticed Nergalle
 10851 | D:11     | Killed Nergalle
 10852 | D:11     | Reached skill level 11 in Transmutations
 11135 | D:12     | Noticed a boulder beetle
 11175 | D:12     | Found Pabla's General Store.
 11214 | D:12     | Killed a boulder beetle
 11215 | D:12     | Reached XP level 12. HP: 32/62 MP: 6/23
 11696 | D:12     | Noticed Kirke
 11719 | D:12     | Killed Kirke
 11720 | D:12     | Reached skill level 10 in Unarmed Combat
 12192 | D:13     | Noticed Urug
 12192 | D:13     | Noticed Nessos
 12192 | D:13     | Noticed Rupert
 12192 | D:13     | Found a gate to the Vaults.
 12433 | D:13     | Noticed a catoblepas
 12450 | D:13     | Killed a catoblepas
 12582 | Lair:1   | Entered Level 1 of the Lair of Beasts
 12641 | Lair:1   | Reached skill level 5 in Translocations
 12802 | Lair:1   | HP: 2/94 [poisoned by a cane toad]
 13458 | Lair:2   | Noticed Gastronok
 13467 | Lair:2   | Killed Gastronok
 13484 | Lair:2   | Learned a level 1 spell: Apportation
 13610 | Lair:2   | Found a hole to the Spider Nest.
 13625 | Lair:2   | Reached skill level 5 in Armour
 13718 | Lair:2   | Reached XP level 13. HP: 44/68 MP: 17/24
 13961 | Lair:2   | Reached skill level 12 in Transmutations
 14156 | Lair:2   | Found a staircase to the Shoals.
 14827 | D:12     | Bought the ring "Qoynguk" {*Corrode rPois Will- Int+6
                  | Dex+7} for 885 gold pieces
 15054 | Lair:3   | Found a runed translucent door.
 15510 | Lair:3   | Noticed Zocerawneb's ghost (journeyman OpFi)
 16096 | Lair:4   | Found a staircase to the Slime Pits.
 16096 | Lair:4   | Found a viscous altar of Jiyva.
 16101 | Lair:4   | Identified 2 scrolls of acquirement
 16102 | Lair:4   | Acquired the +0 pair of boots of the Fiddle {rF++ Stlth+}
 16114 | Lair:4   | Acquired 679 gold pieces
 16400 | Lair:4   | Reached XP level 14. HP: 73/75 MP: 22/25
 16680 | Lair:4   | Gained mutation: Armour fits poorly on your strangely
                  | shaped body. [potion of mutation]
 16681 | Lair:4   | Lost mutation: Armour fits poorly on your strangely shaped
                  | body. [potion of mutation]
 16681 | Lair:4   | Gained mutation: You are partially covered in iridescent
                  | scales. (AC +2) [potion of mutation]
 16681 | Lair:4   | Gained mutation: You passively dampen the noise of your
                  | surroundings. [potion of mutation]
 16681 | Lair:4   | Gained mutation: Your spells are a little harder to cast,
                  | but a little more powerful. [potion of mutation]
 16865 | Lair:5   | Entered Level 5 of the Lair of Beasts
 16890 | Lair:5   | Reached skill level 13 in Transmutations
 17224 | Lair:5   | Found a runed translucent door.
 17224 | Lair:5   | Noticed MrSquiggles's ghost (journeyman DsGl)
 17452 | Lair:4   | Bought a translucent ring mail for 279 gold pieces
 17452 | Lair:4   | Identified the +1 ring mail of Autumn {+Inv rN+++ Str-3
                  | Slay-2} (You bought it in a shop on level 4 of the Lair of
                  | Beasts)
 17454 | Lair:4   | Bought a faintly humming robe for 176 gold pieces
 17454 | Lair:4   | Identified the +1 robe of Marbles {rElec Will+ Int+3} (You
                  | bought it in a shop on level 4 of the Lair of Beasts)
 17475 | Lair:4   | Bought a heavily runed chain mail for 294 gold pieces
 17475 | Lair:4   | Identified the +0 chain mail of Hiuteus {Dex+4} (You bought
                  | it in a shop on level 4 of the Lair of Beasts)
 17557 | Lair:5   | Killed MrSquiggles's ghost
 18067 | Lair:5   | Reached skill level 10 in Fighting
 18071 | Lair:5   | Identified the staff of conjuration "Maezo" {rElec}
 18455 | Orc:1    | Entered Level 1 of the Orcish Mines
 18665 | Orc:2    | Entered Level 2 of the Orcish Mines
 18762 | Orc:2    | Found Jyhasuq's Book Shoppe.
 18809 | Orc:2    | Found Raczoz's Book Boutique.
 18823 | Orc:2    | Noticed an orc warlord
 18850 | Orc:2    | Killed an orc warlord
 19022 | Orc:2    | Found Gixkitz's Armour Shop.
 19093 | Orc:1    | Reached XP level 15. HP: 71/80 MP: 20/26
 19262 | Orc:2    | Found Imetrien's Weapon Emporium.
 19396 | Orc:2    | Found a staircase to the Elven Halls.
 19403 | Orc:2    | Found Beijeih's Distillery.
 19425 | Orc:2    | Bought a potion of attraction for 42 gold pieces
 19543 | Orc:2    | Found Bohurphouxt's Book Boutique.
 19543 | Orc:2    | Found Dutuaxyh's Book Shop.
 19546 | Orc:2    | Found Ysmiy's Armour Boutique.
 19546 | Orc:2    | Found Niggym's General Store.
 19928 | Orc:2    | Bought a book of Transfigurations for 680 gold pieces
 20041 | D:12     | Learned a level 5 spell: Irradiate
 20173 | Spider:1 | Entered Level 1 of the Spider Nest
 20270 | Spider:1 | Reached skill level 1 in Conjurations
 20447 | Spider:1 | HP: 4/81 [poisoned by a redback]
 20449 | Spider:1 | HP: 1/81 [poisoned by a redback]
 20454 | Spider:1 | HP: 2/81 [poisoned by a redback]
 20736 | Spider:1 | Reached skill level 14 in Transmutations
 20781 | Spider:1 | Reached skill level 5 in Dodging
 21280 | Spider:2 | HP: 4/81 [tarantella (2)]
 21618 | Spider:2 | Reached skill level 10 in Translocations
 22414 | Spider:2 | Reached XP level 16. HP: 75/87 MP: 24/28
 22805 | Spider:2 | HP: 1/87 [meliai/+0 hand axe (6)]
 23670 | Shoals:1 | Entered Level 1 of the Shoals
 24225 | Shoals:2 | Found a runed translucent door.
 24497 | Shoals:2 | Reached skill level 5 in Conjurations
 25071 | Shoals:2 | Found a corrupted altar of Lugonu.
 25071 | Shoals:2 | Found a one-way gate to the infinite horrors of the Abyss.
 25314 | Shoals:3 | Learned a level 7 spell: Dragon Form
 25558 | Shoals:3 | Identified the +8 plate armour "Peof" {rElec rN+ Dex+3}
 25833 | Shoals:3 | Reached skill level 15 in Transmutations
 26060 | D:13     | Killed Nessos
 26185 | D:13     | Killed Urug
 26264 | D:13     | Reached XP level 17. HP: 90/93 MP: 29/31
 26537 | Orc:2    | Bought a ring of willpower for 325 gold pieces
 27555 | D:14     | Noticed a sphinx
 27560 | D:14     | Killed a sphinx
 27561 | D:14     | Noticed a sphinx
 27582 | D:14     | Killed a sphinx
 27757 | D:14     | Paralysed by a hornet for 1 turns
 28749 | D:15     | Entered Level 15 of the Dungeon
 28896 | D:15     | Found a staircase to the Depths.
 29839 | Shoals:4 | Entered Level 4 of the Shoals
 29913 | Shoals:4 | Got a barnacled rune of Zot
 29972 | Shoals:4 | Identified the staff of fire "Bumif" {Fly rPois rF+ Str+2
                  | Int+4 Dex-5}
 30105 | Shoals:4 | Found the ring of Shadows {Umbra +Inv Stlth+}
 30154 | Shoals:4 | Reached XP level 18. HP: 99/99 MP: 10/32
 30269 | Shoals:4 | Reached skill level 15 in Unarmed Combat
 30455 | Shoals:4 | Found a transporter.
 30513 | Shoals:4 | Found a transporter.
 30515 | Shoals:4 | Found a transporter.
 30536 | Shoals:4 | Found a transporter.
 30555 | Shoals:4 | Found a transporter.
 30636 | Shoals:4 | Found a transporter.
 30877 | Shoals:4 | Reached skill level 16 in Transmutations
 31164 | Spider:4 | Entered Level 4 of the Spider Nest
 31168 | Spider:4 | Identified Roxanne's Compendium of Therianthropy
 31168 | Spider:4 | Noticed Roxanne
 31188 | Spider:4 | Killed Roxanne
 31189 | Spider:4 | Reached skill level 10 in Spellcasting
 31195 | Spider:4 | Learned a level 3 spell: Ozocubu's Armour
 31344 | Spider:4 | Found a frozen archway.
 31364 | Spider:4 | Reached skill level 1 in Ice Magic
 31459 | IceCv    | Entered an ice cave
 31969 | IceCv    | Noticed an Ice Fiend
 31975 | IceCv    | Killed an Ice Fiend
 32035 | IceCv    | Upgraded the game from 0.30-a0-1085-g990a428a5c to
                  | 0.30-a0-1094-g860fb061e7
 32186 | Spider:4 | Noticed Nikola
 32458 | Spider:4 | Noticed Louise
 32466 | Spider:4 | Noticed Donald
 32471 | Spider:4 | Killed Louise
 32503 | Spider:4 | Killed Donald
 32620 | Spider:4 | Noticed Mlioglotl
 32635 | Spider:4 | Killed Mlioglotl
 33497 | Spider:4 | Reached XP level 19. HP: 104/104 MP: 4/34
 33553 | Spider:4 | Got a gossamer rune of Zot
 33809 | Spider:3 | Killed Nikola
 34080 | D:13     | Killed Rupert
 34680 | Elf:1    | Entered Level 1 of the Elven Halls
 34927 | Elf:1    | Paralysed by an air elemental for 1 turns
 35635 | Elf:1    | Reached skill level 5 in Ice Magic
 35857 | Elf:1    | Got the Book of Blows
 36035 | Elf:2    | Paralysed by an air elemental for 1 turns
 36039 | Elf:2    | Noticed a Hell Sentinel
 36155 | Elf:2    | Reached skill level 1 in Air Magic
 36369 | Elf:2    | Found a runed translucent gate.
 36370 | Elf:2    | Found a runed translucent gate.
 36370 | Elf:2    | Found a runed translucent gate.
 36490 | Elf:2    | Paralysed by an air elemental for 1 turns
 36769 | Elf:2    | Paralysed by an air elemental for 1 turns
 37059 | Elf:2    | Reached skill level 10 in Dodging
 37474 | Elf:2    | Reached skill level 17 in Transmutations
 37666 | Elf:2    | Reached XP level 20. HP: 75/83 MP: 15/36
 38037 | Elf:3    | Entered Level 3 of the Elven Halls
 38116 | Elf:3    | Paralysed by an air elemental for 1 turns
 38530 | Elf:3    | Reached skill level 5 in Air Magic
 38975 | Elf:3    | Found Ysuf's Distillery.
 39855 | Elf:3    | Identified the +6 quarterstaff of a Thousand Friends
                  | {spect, Fragile Str+2 Int+7}
 39855 | Elf:3    | Identified the amulet of Vaonutekh {Faith rElec Will- rCorr
                  | Dex+3}
 39876 | Elf:3    | Identified the +6 scale mail "Koargh" {Dex+2}
 39891 | Elf:3    | Identified the +3 trident "Faluwuge" {venom, rPois Will+
                  | Int+5 Dex+2}
 39910 | Elf:3    | Identified the +7 longbow "Ceakotitz" {flame, Fragile Fly
                  | rF+ Str+8}
 39957 | Elf:3    | Identified the +1 pair of gloves of Cipaeff {Will+ MP+9
                  | Dex-5}
 39995 | Elf:3    | Identified the staff of fire "Nerph" {rElec rF+ Will+}
 40002 | Elf:3    | Got Sif Muna's Compendium of Maledictive Stolen Souls
 40004 | Elf:3    | Identified the ring "Riufiur" {rPois Str+6 Dex+3}
 40011 | Elf:3    | Identified the +1 tower shield "Xafaf" {Will+ Str-4 Int+3
                  | SInv}
 40304 | Lair:3   | Bought the staff of air "Bunughix" {Drain rElec rN++ rCorr}
                  | for 375 gold pieces
 40328 | Lair:3   | Learned a level 7 spell: Storm Form
 40338 | Lair:3   | Killed Zocerawneb's ghost
 40636 | Vaults:1 | Entered Level 1 of the Vaults
 40669 | Vaults:1 | Found Pas Peat's Magic Scroll Shoppe.
 40774 | Vaults:1 | You fall into a shaft and drop 1 floor!
 40879 | Vaults:1 | Found Naexzit's Book Shop.
 40890 | Vaults:1 | Bought a manual of Dodging for 1040 gold pieces
 41626 | Vaults:1 | Reached XP level 21. HP: 116/116 MP: 23/38
 41892 | Vaults:1 | Found Ojoxzarch's Magic Scroll Shop.
 41899 | Vaults:1 | Bought a scroll of teleportation for 48 gold pieces
 41899 | Vaults:1 | Bought a scroll of teleportation for 48 gold pieces
 42204 | Vaults:1 | Found Qeratig's Distillery.
 42204 | Vaults:1 | Found Ydus Ryrr's Antique Weapon Shop.
 42210 | Vaults:1 | Bought a potion of curing for 45 gold pieces
 42210 | Vaults:1 | Bought a potion of curing for 45 gold pieces
 42210 | Vaults:1 | Bought a potion of curing for 45 gold pieces
 42913 | Vaults:2 | Found Hiogiuxt's Armour Shop.
 44801 | Vaults:3 | Paralysed by a vampire knight for 3 turns
 44820 | Vaults:3 | Found a staircase to the Crypt.
 45241 | Vaults:3 | Reached XP level 22. HP: 121/121 MP: 24/40
 45384 | Vaults:3 | Found Emarhen's Book Emporium.
 45400 | Vaults:3 | Reached skill level 10 in Air Magic
 45692 | Vaults:3 | Reached skill level 18 in Transmutations
 46525 | Vaults:4 | Noticed Jory
 46531 | Vaults:4 | Killed Jory
 46600 | Vaults:4 | Reached skill level 15 in Fighting
 47100 | Vaults:4 | Noticed a caustic shrike
 47105 | Vaults:4 | a caustic shrike changed into an iron dragon
 47746 | Crypt:1  | Entered Level 1 of the Crypt
 48009 | Crypt:1  | Acquired 843 gold pieces
 48627 | Crypt:2  | Noticed Saint Roka
 48644 | Crypt:2  | Killed Saint Roka
 48972 | Crypt:2  | Acquired 1183 gold pieces
 49392 | Crypt:2  | Noticed Zenata
 49398 | Crypt:2  | Killed Zenata
 49443 | Crypt:2  | Noticed Khufu
 49465 | Crypt:2  | Killed Khufu
 49466 | Crypt:2  | Reached XP level 23. HP: 47/126 MP: 15/41
 49848 | Crypt:3  | Entered Level 3 of the Crypt
 49868 | Crypt:3  | Reached skill level 10 in Ice Magic
 50473 | Crypt:3  | Found a staircase to the Tomb.
 50488 | Tomb:1   | Entered Level 1 of the Tomb of the Ancients
 51337 | Crypt:3  | Found an ancient bone altar of Kikubaaqudgha.
 51913 | Crypt:3  | Noticed an ancient lich
 51914 | Crypt:3  | Found the +8 demon blade "Leech" {evervamp, Harm Drain rN+}
 51916 | Crypt:3  | Killed an ancient lich
 51929 | Crypt:3  | Identified the staff of earth "Esicvuze" {Int+2}
 52230 | Depths:1 | Entered Level 1 of the Depths
 52262 | Depths:1 | Found a gateway to Hell.
 52946 | Depths:1 | Reached XP level 24. HP: 129/133 MP: 40/42
 53158 | Depths:1 | Identified the +2 battleaxe of Dim Light {distort, rPois
                  | rN+}
 53357 | Depths:2 | Found Miosi's Distillery.
 53360 | Depths:2 | Bought a potion of mutation for 128 gold pieces
 53576 | Depths:2 | Identified the +10 plate armour of the Echidna {rPois rC+
                  | Int-4 Slay+2}
 53639 | Depths:2 | You are sucked into a shaft and drop 1 floor!
 53760 | Depths:2 | Reached skill level 19 in Transmutations
 53947 | Depths:2 | Found a one-way gate leading to the halls of Pandemonium.
 54414 | Depths:2 | Found a sacrificial altar of Ru.
 54565 | Depths:2 | Found a runed translucent door.
 54624 | Depths:2 | Found a runed translucent door.
 54626 | Depths:2 | Noticed a caustic shrike
 54628 | Depths:2 | Found a runed translucent door.
 54880 | Depths:2 | Killed a caustic shrike
 55210 | Depths:3 | Found a one-way gateway to a ziggurat.
 55807 | Depths:3 | Noticed Parghit
 55814 | Depths:3 | Killed Parghit
 56135 | Depths:3 | Noticed Boris
 56315 | Depths:3 | Killed Boris
 56457 | Depths:4 | Entered Level 4 of the Depths
 56537 | Depths:4 | Found a stormy altar of Qazlal.
 56790 | D:10     | You paid a toll of a +5 demon whip to enter a treasure
                  | trove
 56791 | Trove    | Entered a treasure trove
 56806 | Trove    | Identified the +8 flail of Gallantry {drain, Will+ MP+9
                  | SInv}
 56811 | Trove    | Identified the +2 crystal plate armour of Ru, Wizarding
                  | {rF- rN+ Int+4}
 56813 | Trove    | Identified the ring of Catsania {rF- rN+ Int+6 Slay+2}
 57144 | Depths:4 | Found Leeploot's Distillery.
 57184 | Depths:4 | Noticed Xtahua
 57190 | Depths:4 | Killed Xtahua
 57322 | Depths:4 | Identified the ring of Abstinence {Ice Str+5 Int+4}
 57322 | Depths:4 | Noticed Josephina
 57338 | Depths:4 | HP: 5/121 [Josephina/staff of cold (42)]
 57338 | Depths:4 | Mangled by Josephina

Illustrated notes

Levels and vault maps discovered:
D:1:      lemuel_arrival_cross, layout_rooms, serial_shops,
          nicolae_shop_tiny_glass, minmay_misc_feat_tower
D:2:      minmay_wonky_spiral, layout_loops_ring, uniq_terence
D:3:      layout_rooms
D:4:      layout_basic
D:5:      layout_layer_cave
D:6:      layout_cave_pools, chequers_temple_overflow_statue_of_worship,
          minmay_temple_entry_junction, kennysheep_donut, dreamdust_gnoll_farm,
          uniq_duvessa, uniq_maggie
D:7:      layout_rooms, ebering_dispersal_statue_hall
D:8:      layout_basic, enter_ossuary_5, kennysheep_generic_room_16
D:9:      layout_gridville, blue_anna_alchemist
D:10:     layout_gridville, okawaru_trees_2, lair_entry_dummy, enter_trove_0
D:11:     layout_loops_ring, orc_0_dummy, st_stairs_6, uniq_nergalle
D:12:     layout_basic, serial_shops, shop_fountains, hangedman_tell_no_tales,
          uniq_kirke
D:13:     layout_basic, david_vaults_3
D:14:     nicolae_fronds_of_death, layout_gridville, nicolae_lava_and_water
D:15:     hangedman_depths_entry_civil_slaughter, layout_small_grid,
          minmay_misc_feat_plants
Temple:   nicolae_temple_bog_church
Lair:1:   layout_gridlike, grunt_megastairs_4
Lair:2:   layout_small_grid, minmay_shoals_entry_beasts, dummy_spider_entry,
          nzn_random_ring, infiniplex_staircase_pool, uniq_gastronok
Lair:3:   hangedman_what_comes_after_a, layout_chaotic_city,
          ebering_ghost_inner_flame
Lair:4:   layout_gridlike, slime_entry_1, nicolae_lair_lindhole, uniq_urug
Lair:5:   gammafunk_lair_ancient_temple, layout_regular_city,
          hellmonk_ghost_happy_afterlife, nicolae_lair_grazing_beasts
          [nicolae_sub_lair_graze_edge, nicolae_sub_lair_graze_edge,
          nicolae_sub_lair_graze_edge, nicolae_sub_lair_graze_edge]
Shoals:1: layout_shoals, nicolae_shoals_lost_giant_temple
Shoals:2: layout_shoals, nicolae_shoals_abyss_on_the_beach
Shoals:3: layout_shoals
Shoals:4: shoals_end_grunt_ice, layout_shoals, serial_nicolae_subway,
          nicolae_sub_station_metal, nicolae_sub_station_crystal,
          nicolae_sub_station_stone
Spider:1: layout_spider_delve
Spider:2: layout_cave_pods
Spider:3: layout_spider_delve
Spider:4: grunt_spider_rune_parallel, portal_ice_cave_entry_ugly_swarm,
          uniq_donald, uniq_mlioglotl, uniq_roxanne, uniq_louise, uniq_nikola
Orc:1:    layout_caves
Orc:2:    st_orc_mages, layout_caves, serial_shops, nicolae_shop_hallway_stairs,
          shop, nicolae_shop_window_shopping, shop, nicolae_shop_tiny_glass
Elf:1:    layout_loops_corners, minmay_elf_annihilation
Elf:2:    nicolae_elf_blades_crystal_corner, layout_gridlike
Elf:3:    elf_hall, layout_onion_city, serial_shops, shop
Vaults:1: nicolae_vaults_network_square, nicolae_vaults_little_squares_2,
          v_rooms_6, nicolae_vaults_big_ls, nicolae_vaults_yaktaur_gun_rack,
          vaults_room_corners, nicolae_vaults_good_morning_starshine,
          nicolae_vaults_asterisk, nicolae_vaults_little_squares_3,
          vaults_standard_mumra_enter_the_diamond, nicolae_vaults_little_ls,
          ontoclasm_vaults_loading_screen, nicolae_vaults_asterisk, v_misc_14,
          layout_vaults_maze, serial_shops, nicolae_shop_hallway_plus,
          nicolae_shop_tiny_statue_garden, nicolae_shop_waterfront,
          nicolae_shop_temple_entry_statues_fountains, shop
Vaults:2: v_misc_27, hangedman_vaults_corner_blocks, vaults_dpeg_cross,
          vaults_room_door_hall, vaults_standard_mumra_x,
          ontoclasm_vaults_twist, vaults_standard_mumra_enter_the_diamond,
          layout_vaults_quadrants, serial_shops,
          nicolae_shop_tiny_real_fake_doors
Vaults:3: vaults_room_guarded_vault, hangedman_vaults_cutoff,
          ontoclasm_vaults_spin, minmay_crypt_entry_simple_box, v_pattern_3,
          ontoclasm_vaults_gateway, nicolae_vaults_theta,
          hangedman_vaults_slice, ontoclasm_vaults_chip, layout_vaults_big_room,
          serial_shops, nicolae_shop_tiny_glass
Vaults:4: v_alt_pattern_4, grunt_vaults_focal, vaults_room_semicircle,
          vaults_mumra_minichess, v_misc_33, vaults_room_octagon,
          vaults_room_semicircle, hangedman_vaults_stretched_pinwheel,
          dpeg_vaults_pockets_of_resistance, nicolae_vaults_alarming,
          hangedman_vaults_corner, vaults_room_pool, layout_vaults_omnibox,
          uniq_margery, uniq_jory
Crypt:1:  layout_chaotic_city, grunt_crypt_arrival_split
Crypt:2:  layout_misc_corridors, uniq_khufu, uniq_zenata, uniq_saint_roka
Crypt:3:  church_of_pain_bobbens, layout_chaotic_city,
          nicolae_tomb_entry_grand_gallery, minmay_misc_feat_rows
Tomb:1
Depths:1: layout_basic, hell_entry, minmay_misc_feat_diagonals,
          hangedman_decor_growths, kennysheep_nondescript, minislime_mu
Depths:2: minmay_the_grid_four_pointed_star_mashed
          [minmay_the_grid_triangle_9x9_fully_insulated_deathbox,
          minmay_the_grid_triangle_9x9_corruption,
          minmay_the_grid_triangle_9x9_empty,
          minmay_the_grid_triangle_9x9_descending_squares,
          minmay_the_grid_prize_big_room], layout_honeycomb, serial_shops, shop,
          hell_entry, rand_demon_pan_entry_8, hangedman_abyss_entry_splay,
          minmay_fountain_box, hangedman_ru_absence
Depths:3: nicolae_cairo_tiling_large_dashed, layout_gridlike, enter_ziggurat_e,
          hell_entry, nicolae_abyss_entry_one_way_or_another,
          lemuel_flamethrower_1, uniq_parghit, uniq_boris
Depths:4: grunt_twist_and_shout, layout_basic, hell_entry, serial_shops, shop,
          pan_entry, nicolae_qazlal_style_of_elements, uniq_xtahua,
          uniq_josephina

Skill      XL: |  1  2  3  4  5  6  7  8  9 10 11 12 13 14 15 16 17 18 19 20 21 22 23 24 |
---------------+-------------------------------------------------------------------------+-----
Fighting       | 1 2 3 5 6 7 9 10 11 12 13 14 15 16 | 16.2
Dodging        | 2 4 5 7 8 9 10 12 13 14 | 14.8
Transmutations | 3 4 7 8 9 10 11 12 13 14 15 16 17 18 19 | 19.2
Spellcasting   | 3 5 6 7 9 10 11 12 13 14 | 14.9
Unarmed Combat | 4 5 6 7 8 9 10 11 12 13 14 15 16 17 18 | 18.5
Armour         | 2 4 5 6 7 8 |  8.0
Translocations | 3 5 7 9 10 | 10.0
Conjurations   | 4 6 8 |  8.6
Ice Magic      | 3 6 7 8 9 10 | 10.8
Air Magic      | 4 7 9 11 13 14 | 14.5

Action                     |  1- 3 |  4- 6 |  7- 9 | 10-12 | 13-15 | 16-18 | 19-21 | 22-24 || total
---------------------------+-------+-------+-------+-------+-------+-------+-------+-------++-------
  Melee: Unarmed           |    96 |   129 |   103 |   393 |   780 |   841 |   814 |   823 ||  3979
         Bite              |    27 |    26 |    36 |   129 |   307 |   224 |   113 |     9 ||   871
         Headbutt          |    10 |    13 |       |       |       |       |       |       ||    23
         Kick              |    17 |    14 |       |       |       |       |       |       ||    31
         Punch             |     1 |     2 |     3 |    24 |    79 |    93 |   112 |   120 ||   434
         Dagger            |       |     2 |       |       |       |       |       |       ||     2
         Tailslap          |       |       |       |       |       |    89 |    92 |       ||   181
         Shortbow          |       |       |       |       |       |     2 |       |       ||     2
         Staff             |       |       |       |       |       |     6 |    16 |    12 ||    34
   Fire: Sling             |       |    49 |    70 |    73 |       |       |       |       ||   192
         Shortbow          |       |       |       |     1 |   101 |    35 |       |       ||   137
  Throw: Dart              |       |       |       |     5 |       |       |       |       ||     5
   Cast: Beastly Appendage |    16 |    18 |     2 |     1 |       |       |       |       ||    37
         Wereblood         |       |     3 |     5 |    24 |    37 |    10 |     6 |    43 ||   128
         Spider Form       |       |     2 |       |       |       |       |       |       ||     2
         Blade Hands       |       |     2 |    18 |    67 |    94 |    52 |    11 |       ||   244
         Blink             |       |       |       |     2 |     2 |     3 |       |       ||     7
         Lesser Beckoning  |       |       |       |     1 |     3 |    48 |    45 |     3 ||   100
         Yara's Violent Un |       |       |       |       |     2 |     4 |    11 |     5 ||    22
         Irradiate         |       |       |       |       |     4 |     8 |     2 |     2 ||    16
         Dragon Form       |       |       |       |       |       |    48 |    54 |     1 ||   103
         Ozocubu's Armour  |       |       |       |       |       |     2 |    22 |     5 ||    29
         Passage of Golubr |       |       |       |       |       |     2 |     9 |       ||    11
         Storm Form        |       |       |       |       |       |       |    14 |    73 ||    87
 Invoke: Potion Petition   |       |       |       |     1 |     1 |     2 |       |       ||     4
         Call Merchant     |       |       |       |       |     2 |       |       |     3 ||     5
Ability: End Transformatio |       |       |       |     3 |     2 |     9 |     4 |     3 ||    21
         Breathe Fire      |       |       |       |       |       |    28 |    14 |       ||    42
         Blinkbolt         |       |       |       |       |       |       |     6 |    37 ||    43
  Evoke: Wand              |       |       |     4 |     1 |     3 |     8 |     1 |     2 ||    19
    Use: Potion            |       |     1 |       |     1 |     6 |     2 |       |     1 ||    11
         Scroll            |       |       |     6 |    16 |     9 |     9 |     3 |     7 ||    50
   Stab: Sleeping          |       |     1 |       |       |     5 |     6 |     1 |     3 ||    16
         Distracted        |       |       |       |       |     7 |     8 |    10 |     4 ||    29
 Armour: Robe              |    30 |    22 |     3 |       |    97 |    70 |    19 |     7 ||   248
         Skin              |       |     9 |       |       |       |   207 |   217 |   149 ||   582
         Leather armour    |       |       |    20 |    70 |       |       |       |       ||    90
         Scale mail        |       |       |       |    42 |   208 |       |       |       ||   250
         Ice dragon scales |       |       |       |       |       |    11 |    25 |       ||    36
  Dodge: Dodged            |    73 |    65 |    64 |   246 |   534 |   482 |   403 |   723 ||  2590

Table legend: (Time is in decaauts)
 A = Elapsed time spent in this place.
 B = Non-inter-level travel time spent in this place.
 C = Inter-level travel time spent in this place.
 D = Time resting spent in this place.
 E = Time spent auto-exploring this place.
 F = Levels seen in this place.
 G = Mean time per level.
                   A        B        C        D        E       F      G
               +--------+--------+--------+--------+--------+-----+--------+
         Total |  56861 |  49156 |   7705 |   4153 |  21956 |  49 | 1160.4 |
       Dungeon |  17725 |  14664 |   3061 |    817 |   8703 |  15 | 1181.7 |
        Temple |     60 |     41 |     19 |      0 |     22 |   1 |   60.0 |
          Lair |   6243 |   5211 |   1032 |     76 |   2635 |   5 | 1248.6 |
        Shoals |   3654 |   2919 |    735 |    498 |    663 |   4 |  913.5 |
   Spider Nest |   5570 |   4997 |    573 |    937 |   1323 |   4 | 1392.5 |
  Orcish Mines |   1656 |   1362 |    294 |     12 |    586 |   2 |  828.0 |
   Elven Halls |   5355 |   4796 |    559 |   1143 |    831 |   3 | 1785.0 |
        Vaults |   7047 |   6498 |    549 |    154 |   3622 |   4 | 1761.8 |
         Crypt |   3681 |   3404 |    277 |    273 |   1187 |   3 | 1227.0 |
          Tomb |    509 |    398 |    111 |      8 |      0 |   1 |  509.0 |
        Depths |   4444 |   3951 |    493 |    147 |   2317 |   4 | 1111.0 |
         Trove |     48 |     48 |      0 |      0 |      0 |   1 |   48.0 |
       Ossuary |    297 |    297 |      0 |      0 |      0 |   1 |  297.0 |
      Ice Cave |    566 |    566 |      0 |     87 |     67 |   1 |  566.0 |
               +--------+--------+--------+--------+--------+-----+--------+

Top non-repeatable levels by time:
    D:12: 2077 daAuts
Vaults:3: 2056 daAuts
Vaults:1: 1952 daAuts
Spider:4: 1906 daAuts
   Elf:3: 1889 daAuts
   Elf:2: 1838 daAuts
Vaults:2: 1672 daAuts
     D:5: 1656 daAuts
  Lair:2: 1643 daAuts
   Elf:1: 1627 daAuts
    D:10: 1617 daAuts
    D:11: 1577 daAuts
 Crypt:3: 1556 daAuts
    D:14: 1515 daAuts
    D:13: 1500 daAuts
